 Dungeon Sprint DCSS version 0.30-a0-172-gc5509c9e31 (webtiles) character file.

Game seed: 17364928732857626206

131 hellse the Trooper (level 5, -5/47 HPs)
             Began as a Djinni Warper on Oct 1, 2022.
             Was an Initiate of Cheibriados.
             Killed by divine providence
             ... invoked by a smoke demon
             ... summoned by a kobold demonologist
              (11 damage)
             ... in the Dungeon (Sprint IX: "|||||||||||||||||||||||||||||").
             The game lasted 00:01:01 (205 turns).

hellse the Trooper (Djinni Warper)                   Turns: 205, Time: 00:01:02

Health: -5/47      AC:  9    Str: 13    XL:     5   Next: 37%
Gold:   0          EV:  6    Int: 16    God:    Cheibriados [......] SH:  0 Dex: 13

rFire   + + .      SeeInvis .      - Unarmed
rCold   x . .      Faith    .    (no shield)
rNeg    . . .      Spirit   .    k - +1 chain mail
rPois   ∞          Reflect  .    (no helmet)
rElec   .          Harm     .    (no cloak)
rCorr   .          Rampage  .    (no gloves)
Will    .....      NoTele   +    (boots unavailable)
Stlth   ..........               (no amulet)
HPRegen 0.27/turn                (no ring)
MPRegen 0.00/turn                (no ring)

@: flying, very slow
A: sickness immunity, fire resistance 2, cold vulnerability 1, float, innate
caster, HP casting, extra vitality 1
a: Renounce Religion


You were in the Dungeon.
You worshipped Cheibriados.
Cheibriados was noncommittal.
You visited 1 branch

Inventory:

Missiles
 c - 7 boomerangs of dispersal (quivered)
Armour
 a - a +0 leather armour
 k - a +1 chain mail (worn)
Jewellery
 i - a +2 ring of protection
 j - a +3 ring of dexterity
Wands
 h - a wand of acid (6)
Scrolls
 b - 3 scrolls of blinking
Potions
 d - 5 potions of curing
 e - 2 potions of heal wounds
 f - a potion of haste
 g - a potion of invisibility


   Skills:
 + Level 7.2 Fighting
 - Level 0.7 Throwing
 - Level 1.0 Armour
 - Level 2.1 Dodging
 + Level 7.2 Unarmed Combat
 - Level 2.4 Spellcasting


You couldn't memorise any spells.
You knew the following spells:

 Your Spells              Type           Power      Damage    Failure   Level
a - Blink                 Tloc           18%        N/A       98%         2
b - Lesser Beckoning      Tloc           9%         N/A       100%        3
c - Gell's Gravitas       Tloc           9%         N/A       100%        3
d - Teleport Other        Tloc           9%         N/A       100%        3
e - Manifold Assault      Tloc           9%         N/A       100%        4
f - Summon Small Mammal   Summ           36%        N/A       95%         1
g - Scorch                Fire           18%        2d5       98%         2
Your spell library was empty.

Dungeon Overview and Level Annotations

Branches:
Dungeon (1/1)

Altars:
Cheibriados
Dithmenos
Elyvilon
Fedhas
Gozag
Hepliaklqana
Makhleb
Nemelex Xobeh
Okawaru
Qazlal
Ru
Trog
Uskayaw
Wu Jian
Xom
Yredelemnul
Zin
The Shining One
Jiyva
Lugonu


Innate Abilities, Weirdness & Mutations

You are immune to sickness and miasma.
You are immune to poison.
Your flesh is very heat resistant. (rF++)
You are vulnerable to cold. (rC-)
You float through the air rather than walking.
You learn spells naturally, not from books.
Your magical power is your life essence.
You have superior vitality. (+4 MHP)


Message History

Something hits you but does no damage.
You barely miss something. Something hits you but does no damage.
You hit something. Something hits you.
You barely miss something. You punch something.
Something hits you but does no damage. Something hits you.
* * * LOW HITPOINT WARNING * * *
The kobold demonologist mumbles some strange words.
Aiming: Corrosive Bolt
Press: ? - help, Shift-Dir - straight line, f/p - troll
Aim: a troll (lightly wounded, covered in acid, 71% to hit)
The bolt of acid hits the komodo dragon!
The komodo dragon is heavily wounded.
The bolt of acid hits something!
Cheibriados appreciates the change of pace.
Reactivating autopickup.
You feel a bit more experienced.
The bolt of acid hits the kobold demonologist!
The acid corrodes the kobold demonologist!
The kobold demonologist is heavily wounded.
The bolt of acid misses the troll.
Something hits you!
* * * LOW HITPOINT WARNING * * *
Deactivating autopickup; reactivate with Ctrl-A.
Your Fighting skill increases to level 7!
Your Unarmed Combat skill increases to level 7!
Unknown command.
Unknown command.
You feel much better. Something hits you.
Unknown command.
Unknown command.
You miss something. Something hits you but does no damage. Something hits you.
The kobold demonologist gestures wildly while chanting.
Something hits you.
You miss something. Something hits you.
You hit something but do no damage. Something hits you.
* * * LOW HITPOINT WARNING * * *
Something hits you!
* * * LOW HITPOINT WARNING * * *
The smoke demon gestures at you. Something smites you!
You die... ▓▓▓▓▓▓▓▓▓▓▓▓▓▓▓▓▓▓▓▓▓▓▓▓ _______'!?).[[..@{lKT3W. ▓▓▓▓▓▓▓▓▓▓▓▓▓▓▓▓▓▓▓▓▓▓▓▓

You could see a komodo dragon (corroded), a kobold demonologist (corroded), a troll (corroded), a smoke demon (summoned) and a shadow.

Vanquished Creatures
  A scorpion (D)
  An iguana (D)
  An orc wizard (D)
  An adder (D)
  A dart slug (D)
  2 orcs (D)
  A giant cockroach (D)
  A hobgoblin (D)
  A kobold (D)
  A bat (D)
11 creatures vanquished.

Notes
Turn   | Place    | Note
-------+----------+-------------------------------------------
     0 | D        | hellse the Djinni Warper began the quest for the Orb.
     0 | D        | hellse set off with the following spells memorised: Blink,
                  | Lesser Beckoning, Gell's Gravitas, Teleport Other, Manifold
                  | Assault.
     0 | D        | Reached XP level 1. HP: 18/18 MP: 0/0
    22 | D        | Reached XP level 2. HP: 18/25 MP: 0/0
    56 | D        | Noticed a scorpion
    63 | D        | Reached XP level 3. HP: 31/32 MP: 0/0
    63 | D        | Learned a level 1 spell: Summon Small Mammal
    65 | D        | Killed a scorpion
    66 | D        | Reached XP level 4. HP: 40/40 MP: 0/0
    69 | D        | Reached XP level 5. HP: 41/46 MP: 0/0
    69 | D        | Learned a level 2 spell: Scorch
   132 | D        | Found a snail-covered altar of Cheibriados.
   132 | D        | Found a shadowy altar of Dithmenos.
   132 | D        | Found a white marble altar of Elyvilon.
   132 | D        | Found a blossoming altar of Fedhas.
   132 | D        | Found an opulent altar of Gozag.
   133 | D        | Found a hazy altar of Hepliaklqana.
   134 | D        | Found a viscous altar of Jiyva.
   136 | D        | Became a worshipper of Cheibriados the Contemplative
   137 | D        | Found a corrupted altar of Lugonu.
   138 | D        | Found a burning altar of Makhleb.
   139 | D        | Found a sparkling altar of Nemelex Xobeh.
   140 | D        | Found an iron altar of Okawaru.
   141 | D        | Found a stormy altar of Qazlal.
   142 | D        | Found a sacrificial altar of Ru.
   144 | D        | Found a bloodstained altar of Trog.
   145 | D        | Found a hide-covered altar of Uskayaw.
   147 | D        | Found an ornate altar of the Wu Jian Council.
   148 | D        | Found a shimmering altar of Xom.
   149 | D        | Found a basalt altar of Yredelemnul.
   150 | D        | Found a glowing silver altar of Zin.
   151 | D        | Found a glowing golden altar of the Shining One.
   190 | D        | Noticed a komodo dragon
   190 | D        | Noticed a kobold demonologist
   190 | D        | Noticed a troll
   190 | D        | Noticed a shadow
   193 | D        | Noticed a smoke demon
   201 | D        | HP: 2/46 [something (8)]
   205 | D        | Killed from afar by a smoke demon

Illustrated notes

Levels and vault maps discovered:
D:        linesprint [early_d, line_temple, items_1, d_10, items_2, lair_1,
          lair_end, items_3, orc_1, orc_end, items_4, d_15, swamp_1, shoals_1,
          snake_1, spider_1, d_20, vaults_1, items_5, swamp_end, shoals_end,
          snake_end, spider_end, vaults_end, d_27, items_6, zot_1, zot_end,
          crypt_end, forest_end, elf_end, slime_end, tomb_end, abyss_end,
          pan_hell_end]

Skill      XL: |  1  2  3  4  5 |
---------------+----------------+-----
Fighting       | 3 4 6 7 |  7.2
Unarmed Combat | 3 4 6 7 |  7.2
Throwing       | |  0.7
Armour         | |  1.0
Dodging        | |  2.1
Spellcasting   | |  2.4

Action                   |  1- 3 |  4- 6 || total
-------------------------+-------+-------++-------
Melee: Unarmed           |    29 |    17 ||    46
       Punch             |     1 |     1 ||     2
Evoke: Wand              |       |     4 ||     4
  Use: Potion            |     1 |     1 ||     2
Armor: Leather armour    |     6 |     1 ||     7
       Chain mail        |       |     9 ||     9
Dodge: Dodged            |     9 |     2 ||    11

Table legend: (Time is in decaauts)
 A = Elapsed time spent in this place.
 B = Non-inter-level travel time spent in this place.
 C = Inter-level travel time spent in this place.
 D = Time resting spent in this place.
 E = Time spent auto-exploring this place.
 F = Levels seen in this place.
 G = Mean time per level.
                   A        B        C        D        E       F      G
               +--------+--------+--------+--------+--------+-----+--------+
         Total |    216 |    216 |      0 |     87 |      0 |   1 |  216.0 |
       Dungeon |    216 |    216 |      0 |     87 |      0 |   1 |  216.0 |
               +--------+--------+--------+--------+--------+-----+--------+

Top non-repeatable levels by time:
       D: 216 daAuts
